Map: Galactic Process LE

Players

Fropez

  • Race: Protoss Protoss
  • League: Gold
  • Spawn Location: 1:00

Cadnium - Winner!

  • Race: Zerg Zerg
  • League: Silver
  • Spawn Location: 7:00

VOD

Have the link to the VOD?

Description

Time

  • Played on: Oct. 14, 2016, 1:11 p.m.
  • Length: 11:32
Show
View Real Time Build Order
Export as new Build Order

Fropez Protoss 

Build Orders: 1 Gate Expand 

Get SALT Encoding   

  12  0:01  Probe (Chrono Boost)  
  13  0:17  Pylon, Probe (Chrono Boost)  
  14  0:27  Probe (Chrono Boost)  
  15  0:37  Gateway  
  15  0:38  Probe (Chrono Boost)  
  16  0:49  Probe (Chrono Boost)  
  17  0:51  Assimilator  
  17  0:59  Probe (Chrono Boost)  
  18  1:17  Probe (Chrono Boost)  
  19  1:24  Nexus  
  19  1:28  Probe (Chrono Boost)  
  20  1:38  Probe (Chrono Boost)  
  21  1:50  Probe (Chrono Boost)  
  21  1:51  Pylon  
  21  1:53  Pylon  
  22  1:59  Assimilator  
  22  2:00  Probe (Chrono Boost)  
  23  2:11  Probe (Chrono Boost)  
  24  2:18  Cybernetics Core  
  24  2:24  Gateway  
  24  2:34  Gateway  
  23  2:40  Zealot (Chrono Boost)  
  25  2:49  Pylon  
  25  2:52  Mothership Core  
  25  2:56  Warp Gate (Chrono Boost)  
  27  3:04  Adept (Chrono Boost)  
  29  3:08  Probe  
  29  3:22  Adept x2 (Chrono Boost)  
  29  3:26  Probe  
  34  3:27  Probe  
  34  3:28  Adept  
  37  3:38  Probe  
  38  3:46  Probe  
  39  3:49  Adept  
  39  3:53  Adept  
  29  4:35  Probe x2  
  30  4:47  Probe  
  29  5:01  Adept x2  
  31  5:42  Gateway  
  31  5:44  Gateway  
  31  5:49  Gateway  
  31  5:50  Probe x2  
  33  6:10  Adept x3  
  39  6:14  Assimilator  
  39  6:16  Probe (Chrono Boost), Assimilator  
  40  6:20  Probe (Chrono Boost)  
  41  6:40  Adept x2  
  45  6:50  Pylon  
  41  7:02  Adept x2  
  39  7:27  Twilight Council  
  39  7:29  Probe x2 (Chrono Boost)  
  41  7:37  Forge  
  41  7:40  Probe x2 (Chrono Boost)  
  43  8:32  Resonating Glaives (Chrono Boost)  
  29  8:44  Probe x2 (Chrono Boost)  
  29  8:45  Adept  
  29  8:46  Adept  
  29  8:47  Protoss Ground Weapons Level 1  
  35  8:55  Probe x2 (Chrono Boost)  
  37  9:05  Probe x2 (Chrono Boost)  
  39  9:10  Adept x4  
  39  9:11  Adept x2  
  51  9:40  Adept x2  
  51  9:41  Adept x2  
  59  9:46  Probe x2  
  61  9:58  Probe x2  
  63  10:10  Probe (Chrono Boost)  
  63  10:11  Probe (Chrono Boost)  
  65  10:21  Probe (Chrono Boost)  
  65  10:22  Adept x2  
  65  10:27  Pylon  
  70  10:32  Probe (Chrono Boost)  
  70  10:34  Probe (Chrono Boost)  
  62  10:38  Pylon  
  48  10:51  Probe (Chrono Boost), Templar Archives  
  48  10:53  Probe (Chrono Boost)  
  50  10:57  Adept x2  
  50  10:58  Adept  
  50  11:21  Zealot x5  
Show
View Real Time Build Order
Export as new Build Order

Cadnium Zerg - Winner!

Build Orders: Hatch First 

Get SALT Encoding   

  12  0:01  Drone  
  13  0:13  Overlord  
  13  0:19  Drone  
  14  0:32  Drone x2  
  17  0:35  Drone  
  17  0:55  Hatchery  
  16  0:57  Drone  
  16  1:00  Drone  
  18  1:07  Extractor  
  18  1:08  Drone  
  18  1:21  Spawning Pool  
  18  1:24  Drone  
  18  1:29  Drone  
  19  1:42  Overlord  
  19  2:05  Drone x2  
  19  2:08  Queen  
  21  2:10  Queen  
  21  2:11  Zergling x2  
  26  2:18  Metabolic Boost  
  26  2:23  Drone x2  
  26  2:26  Drone  
  29  2:42  Drone  
  30  2:46  Drone x2  
  32  2:58  Drone x2  
  34  3:00  Hatchery  
  33  3:05  Overlord  
  32  3:23  Zergling x8  
  32  3:24  Overlord  
  32  3:25  Zergling x8  
  32  3:26  Zergling x2  
  41  3:35  Zergling x2  
  41  3:37  Overlord  
  42  3:43  Zergling x2  
  42  3:46  Zergling x2  
  44  3:50  Zergling x2  
  44  3:54  Zergling x6  
  48  3:56  Zergling x2  
  40  4:35  Queen, Drone x3  
  44  4:39  Drone x3  
  44  4:43  Drone x5  
  49  5:26  Drone x3  
  49  5:32  Roach Warren  
  49  5:33  Drone x5  
  52  5:36  Extractor  
  52  5:40  Spine Crawler  
  52  5:42  Spine Crawler  
  49  5:45  Zergling x4  
  49  5:46  Zergling x8  
  55  5:50  Drone x2  
  57  5:57  Lair  
  57  6:03  Extractor  
  57  6:04  Drone  
  57  6:05  Extractor  
  57  6:07  Zergling x6  
  57  6:10  Zergling x6  
  57  6:11  Zergling x6  
  65  6:14  Overlord  
  65  6:15  Overlord  
  65  6:22  Overlord x2  
  65  6:32  Queen  
  67  6:40  Drone x2  
  63  7:08  Queen  
  62  7:17  Drone x5  
  62  7:20  Glial Reconstitution  
  62  7:22  Drone x2  
  69  7:23  Drone  
  69  7:29  Drone  
  71  7:30  Drone x2  
  71  7:33  Overlord x2  
  73  7:45  Overseer  
  73  7:47  Spore Crawler  
  73  7:51  Hydralisk Den  
  71  7:54  Drone x2  
  71  7:55  Overlord x3  
  71  7:57  Evolution Chamber  
  72  7:59  Evolution Chamber  
  72  8:02  Zergling x2  
  72  8:03  Zergling x8  
  72  8:04  Roach  
  76  8:06  Roach x3  
  76  8:07  Roach  
  83  8:13  Zergling x4  
  83  8:21  Muscular Augments  
  83  8:25  Zerg Missile Weapons Level 1  
  83  8:26  Zerg Ground Armor Level 1  
  75  8:47  Drone x5  
  80  8:49  Drone x2  
  80  8:50  Drone x2  
  84  8:57  Roach x3  
  90  9:10  Drone x2  
  90  9:14  Roach x3  
  98  9:23  Roach x4  
  106  9:26  Roach  
  106  9:29  Roach  
  110  9:31  Spine Crawler, Roach  
  110  9:33  Spine Crawler  
  110  9:37  Roach  
  112  9:56  Roach x3  
  112  9:57  Roach  
  112  9:58  Roach x2  
  112  9:59  Roach x3  
  130  10:07  Roach  
  130  10:08  Hydralisk  
  130  10:09  Hydralisk  
  130  10:10  Overlord x3  
  133  10:46  Drone x2  
  133  10:47  Drone x4  
  139  10:57  Drone x3  
  139  10:58  Drone x2  
  139  11:00  Extractor  
  139  11:03  Extractor  
Tags
 
Add a new tag
Caveats
  • Supply blocks, unpowered buildings, or Contaminate may cause inaccurate times.
  • Supply counts are checked every 10 seconds.